 Dungeon Crawl Stone Soup version 0.31-a0-188-g5e087ee2ca (webtiles) character file.

Game seed: 11904436164896093334

3633 qw the Markself (level 9, -3/52 HPs)
             Began as a Deep Elf Hunter on June 23, 2023.
             Was a Believer of Okawaru.
             Slain by a yak (12 damage)
             ... on level 8 of the Dungeon.
             The game lasted 00:03:05 (6144 turns).

qw the Markself (Deep Elf Hunter)                   Turns: 6144, Time: 00:03:05

Health: -3/52      AC: 20    Str: 13    XL:     9   Next: 87%
Magic:  12/14      EV: 17    Int: 18    God:    Okawaru [**....]
Gold:   99         SH:  5    Dex: 20    Spells: 8/8 levels left

rFire   . . .        Y - +0 orcbow
rCold   . . .        (shield currently unavailable)
rNeg    . . .        l - +4 ring mail "Dexont" {rPois Dex+2}
rPois   +            e - +2 hat
rElec   .            f - +0 cloak
rCorr   .            b - +2 pair of gloves
SInv    .            (no boots)
Will    .....        d - amulet of reflection
Stlth   +++          p - +4 ring of protection
HPRegen 0.28/turn    (no ring)
MPRegen 0.14/turn

%: reflection
@: heroic
A: horns 1, clever 1, strong 1
a: Renounce Religion, Heroism


You were on level 8 of the Dungeon.
You worshipped Okawaru.
Okawaru was pleased with you.
You visited 1 branch of the dungeon, and saw 8 of its levels.
You also visited: Ossuary.

You collected 345 gold pieces.
You spent 246 gold pieces at shops.


Innate Abilities, Weirdness & Mutations

You have a pair of small horns on your head.
Your mind is acute. (Int +4, Str/Dex -1)
Your muscles are strong. (Str +4, Int/Dex -1)


   Skills:
 - Level 4.1(9.1) Fighting
 + Level 15.8(20.8) Ranged Weapons
 - Level 1.0(6.0) Armour
 - Level 6.1(11.1) Dodging
 - Level 1.2(6.2) Stealth
 - Level 4.0 Invocations


You had 8 spell levels left.
You didn't know any spells.
Your spell library was empty.

Inventory:

Hand Weapons
 Y - a +0 orcbow (weapon)
Armour
 b - a +2 pair of gloves (worn)
 e - a +2 hat (worn)
 f - a +0 cloak (worn)
 l - the +4 ring mail "Dexont" (worn) {rPois Dex+2}
   (You took it off a goblin on level 3 of the Dungeon)

   Dex:       It affects your dexterity (+2).
   rPois:     It protects you from poison.
Jewellery
 d - an amulet of reflection (around neck)
 p - a +4 ring of protection (left hand)
Scrolls
 a - a scroll of identify
 j - 4 scrolls of teleportation
Potions
 c - a potion of might
 g - 2 potions of mutation
 h - 2 potions of curing
 i - a potion of haste
 m - a potion of invisibility {unknown}
 o - 3 potions of heal wounds
 q - a potion of berserk rage {unknown}

Dungeon Overview and Level Annotations

Branches:
Dungeon (8/15)             Temple (0/1) D:6         Ossuary (visited)
   Lair: D:8-11

Altars:
Kikubaaqudgha
Nemelex Xobeh
Okawaru
Sif Muna
Wu Jian
Yredelemnul

Shops:
D:2 !   D:6 **

Annotations:
D:2 1 runed translucent door, Crazy Yiuf


Message History

You shoot an arrow.
The arrow hits the yak but does no damage.
You shoot an arrow. The arrow barely misses the yak.
The yak gores you but does no damage.
You shoot an arrow. The arrow hits the yak!
The yak is heavily wounded.
A yak comes into view.
The yak closely misses you.
You shoot an arrow. The arrow hits the yak.
The yak is heavily wounded.
You block the yak's attack. The yak gores you but does no damage.
You shoot an arrow. The arrow hits the yak.
The yak is heavily wounded.
The yak gores you but does no damage. The yak gores you!
You shoot an arrow. The arrow barely misses the yak.
The yak gores you. The yak gores you but does no damage.
6137 ||| INVOKING Heroism.
You gain the combat prowess of a mighty hero.
The yak misses you. x3
You shoot an arrow. The arrow barely misses the yak.
You shoot an arrow.
The arrow hits the yak but does no damage.
The yak is heavily wounded.
The yak gores you but does no damage. The yak completely misses you. x2
You shoot an arrow. The arrow hits the yak!
The yak is almost dead.
The yak barely misses you. The yak completely misses you.
The yak barely misses you. The yak misses you.
You shoot an arrow. The arrow barely misses the yak.
The yak closely misses you. The yak gores you! x2
You shoot an arrow. The arrow closely misses the yak.
The yak closely misses you. The yak gores you but does no damage.
The yak misses you. The yak barely misses you.
You shoot an arrow. The arrow hits the yak!
You kill the yak!
Okawaru is honoured by your kill.
You shoot an arrow.
The arrow hits the yak but does no damage.
The yak gores you! x2
You die...

#...###... #..##...#
#>..#...# #.....<.#
##.......#
#########........#
........#........#
.......>YY..#......#
........Y@Y####.....#
...........# ##......
...........# ##....
...........# #...
............ #.
..........(..
............#
..........>.


You could see 4 yaks.

Vanquished Creatures
  Sigmund (D:6)
  2 yaks (D:8)
  Edmund (D:6)
  2 water moccasins
  2 ice beasts
  An ogre (D:6)
  2 centaurs
  A phantom (D:6)
  4 elf zombies (Ossuary)
  Blork the orc (D:6)
  A bullfrog (D:7)
  6 scorpions
  5 wights (D:7)
  8 killer bees
  2 howler monkeys
  3 centaur zombies (Ossuary)
  4 hounds
  5 human zombies (Ossuary)
  3 orc priests
  A gnoll bouda (D:5)
  2 jellies (D:5)
  A sleepcap (D:4)
  Ijyb (D:3)
  An iguana (D:4)
  3 orc wizards (D:4)
  3 mummies (Ossuary)
  6 adders
  8 gnolls
  A white imp (D:6)
  4 worms
  3 dart slugs
  9 orcs
  8 ball pythons
  2 endoplasms
  A giant cockroach (D:4)
  3 goblins
  7 hobgoblins
  5 quokkas
  5 bats
  6 frilled lizards
  9 kobolds
  4 rats
147 creatures vanquished.

Notes
Turn   | Place    | Note
-------+----------+-------------------------------------------
     0 | D:1      | qw the Deep Elf Hunter began the quest for the Orb.
     0 | D:1      | Reached XP level 1. HP: 12/12 MP: 3/3
     0 | D:1      | 0 ||| qw: Version: 0.3-a-9-g12657ce
     0 | D:1      | 0 ||| qw: Game counter: 3363
     0 | D:1      | 0 ||| qw: Always use a shield: true
     0 | D:1      | 0 ||| qw: God list: Okawaru
     0 | D:1      | 0 ||| qw: Allow faded altars: false
     0 | D:1      | 0 ||| qw: Do Orc after D:15 true
     0 | D:1      | 0 ||| qw: Do second Lair branch before Depths: true
     0 | D:1      | 0 ||| qw: Lair rune preference: random
     0 | D:1      | 0 ||| qw: Plans: Normal
     0 | D:1      | 0 ||| PLANNING D:1-11
    99 | D:1      | Reached XP level 2. HP: 16/16 MP: 4/4
   100 | D:1      | Reached skill level 6 in Ranged Weapons
   575 | D:1      | 575 ||| UPGRADING to +0 ring mail.
   585 | D:1      | 585 ||| DROPPING +0 leather armour.
   586 | D:1      | 586 ||| UPGRADING to +2 hat.
   591 | D:1      | 591 ||| UPGRADING to +0 cloak.
   596 | D:1      | 596 ||| READING 3 scrolls labelled DUILETH ZEODGH.
   597 | D:1      | 597 ||| READING 2 scrolls of identify.
   597 | D:1      | 597 ||| IDENTIFYING purple potion
   598 | D:1      | 598 ||| DROPPING scroll of butterflies.
   599 | D:1      | 599 ||| DROPPING potion of brilliance.
   646 | D:2      | Identified the +0 robe of Somewhere Else {Dex+2}
   675 | D:2      | Found Turemutu's Distillery.
   685 | D:2      | 685 ||| BUYING potion of curing (36 gold).
   685 | D:2      | Bought a potion of curing for 36 gold pieces
   685 | D:2      | 685 ||| SHOPLISTING potion of curing (36 gold, have 9).
   685 | D:2      | 685 ||| SHOPLISTING potion of haste (120 gold, have 9).
   685 | D:2      | 685 ||| SHOPLISTING potion of heal wounds (60 gold, have
                  | 9).
   685 | D:2      | 685 ||| SHOPLISTING potion of mutation (96 gold, have 9).
   762 | D:2      | Reached XP level 3. HP: 17/20 MP: 5/5
   821 | D:2      | Found an ancient bone altar of Kikubaaqudgha.
   923 | D:2      | Found a runed translucent door.
   924 | D:2      | Noticed Crazy Yiuf
  1056 | D:2      | 1056 ||| UPGRADING to +0 pair of gloves.
  1061 | D:2      | 1061 ||| DROPPING +0 robe of Somewhere Else {Dex+2}.
  1062 | D:2      | 1062 ||| DROPPING +0 robe of willpower.
  1063 | D:2      | 1063 ||| READING scroll labelled JAMAIVA XOPHO.
  1064 | D:2      | 1064 ||| READING 2 scrolls labelled TUBBYZA YGEMORCH.
  1121 | D:2      | 1121 ||| READING 2 scrolls labelled FYKISHR HODUO.
  1122 | D:2      | 1122 ||| READING scroll of enchant weapon.
  1122 | D:2      | 1122 ||| ENCHANTING +1 shortbow.
  1123 | D:2      | 1123 ||| READING scroll labelled LERPHA IJUMOFOW.
  1124 | D:2      | 1124 ||| READING 2 scrolls of identify.
  1124 | D:2      | 1124 ||| IDENTIFYING viscous silvery potion
  1125 | D:2      | 1125 ||| DROPPING potion of degeneration.
  1237 | D:3      | Found an ancient bone altar of Kikubaaqudgha.
  1290 | D:3      | Reached skill level 7 in Ranged Weapons
  1391 | D:3      | Identified the +4 ring mail "Dexont" {rPois Dex+2}
  1457 | D:3      | Noticed Ijyb
  1466 | D:3      | Paralysed by Ijyb for 5 turns
  1480 | D:3      | Killed Ijyb
  1481 | D:3      | Reached XP level 4. HP: 22/25 MP: 6/6
  1496 | D:3      | Found a sparkling altar of Nemelex Xobeh.
  1566 | D:3      | 1566 ||| UPGRADING to +4 ring mail "Dexont" {rPois Dex+2}.
  1576 | D:3      | 1576 ||| DROPPING +0 ring mail.
  1577 | D:3      | 1577 ||| READING scroll labelled ENILISCH SATH.
  1578 | D:3      | 1578 ||| READING 3 scrolls labelled ATHUIPTEETS.
  1579 | D:3      | 1579 ||| READING 2 scrolls labelled ABLALUI EZET.
  1580 | D:3      | 1580 ||| READING scroll labelled POPNUO RAENY.
  1581 | D:3      | 1581 ||| DRINKING 2 sedimented blue potions.
  1581 | D:3      | Gained mutation: Your mind is acute. (Int +4, Str/Dex -1)
                  | [potion of mutation]
  1581 | D:3      | Gained mutation: You occasionally lose the ability to read
                  | scrolls when taking damage. [potion of mutation]
  1581 | D:3      | Lost mutation: You occasionally lose the ability to read
                  | scrolls when taking damage. [potion of mutation]
  1581 | D:3      | Gained mutation: You have hidden genetic potential. [potion
                  | of mutation]
  1582 | D:3      | 1582 ||| DROPPING 2 scrolls of immolation.
  1583 | D:3      | 1583 ||| DROPPING scroll of fear.
  1715 | D:4      | Reached skill level 8 in Ranged Weapons
  1843 | D:4      | 1843 ||| FLEEEEING.
  1844 | D:4      | 1844 ||| FLEEEEING.
  1845 | D:4      | 1845 ||| FLEEEEING.
  1846 | D:4      | 1846 ||| FLEEEEING.
  1850 | D:4      | 1850 ||| FLEEEEING.
  1852 | D:4      | 1852 ||| FLEEEEING.
  1853 | D:4      | 1853 ||| FLEEEEING.
  1861 | D:4      | 1861 ||| FLEEEEING.
  1862 | D:4      | 1862 ||| FLEEEEING.
  1863 | D:4      | 1863 ||| FLEEEEING.
  1864 | D:4      | 1864 ||| FLEEEEING.
  1865 | D:4      | 1865 ||| FLEEEEING.
  1869 | D:4      | 1869 ||| FLEEEEING.
  1870 | D:4      | 1870 ||| FLEEEEING.
  1871 | D:4      | 1871 ||| FLEEEEING.
  1872 | D:4      | 1872 ||| FLEEEEING.
  1873 | D:4      | 1873 ||| FLEEEEING.
  1874 | D:4      | 1874 ||| STAIRDANCE
  1903 | D:4      | Reached XP level 5. HP: 29/29 MP: 7/7
  1933 | D:4      | 1933 ||| Stepping ~*~*~tactically~*~*~ (outnumbered).
  1935 | D:4      | 1935 ||| Stepping ~*~*~tactically~*~*~ (outnumbered).
  1937 | D:4      | 1937 ||| Stepping ~*~*~tactically~*~*~ (outnumbered).
  1938 | D:4      | Gained mutation: Your muscles are strong. (Str +4, Int/Dex
                  | -1) [hidden potential]
  1941 | D:4      | 1941 ||| Stepping ~*~*~tactically~*~*~ (outnumbered).
  1944 | D:4      | 1944 ||| Stepping ~*~*~tactically~*~*~ (outnumbered).
  1956 | D:4      | 1956 ||| DRINKING 4 potions of curing.
  1956 | D:4      | 1956 ||| (to cure confusion)
  1957 | D:4      | 1957 ||| DRINKING 3 potions of curing.
  1957 | D:4      | 1957 ||| (to cure confusion)
  1960 | D:4      | Reached skill level 9 in Ranged Weapons
  1967 | D:4      | HP: 4/30 [something (4)]
  1972 | D:4      | Reached skill level 3 in Dodging
  2223 | D:4      | Reached skill level 1 in Armour
  2223 | D:4      | Reached XP level 6. HP: 35/35 MP: 8/8
  2230 | D:4      | Gained mutation: You have a pair of small horns on your
                  | head. [hidden potential]
  2230 | D:4      | Lost mutation: You have hidden genetic potential. [hidden
                  | potential expressed]
  2539 | D:4      | Found an ornate altar of the Wu Jian Council.
  2539 | D:4      | Found an iron altar of Okawaru.
  2539 | D:4      | Found a shimmering blue altar of Sif Muna.
  2539 | D:4      | Found a basalt altar of Yredelemnul.
  2540 | D:4      | 2540 ||| PLANNING OKAWARU WORSHIP
  2544 | D:4      | Became a worshipper of Warmaster Okawaru
  2545 | D:4      | 2545 ||| PLANNING D:1-11
  2944 | D:4      | 2944 ||| READING scroll labelled BEWNACISUS.
  2993 | D:5      | Entered Level 5 of the Dungeon
  2994 | D:5      | 2994 ||| PLANNING OSSUARY
  3036 | D:5      | Reached skill level 10 in Ranged Weapons
  3068 | D:5      | Reached XP level 7. HP: 35/40 MP: 9/9
  3085 | D:5      | Reached * piety under Okawaru
  3086 | D:5      | 3086 ||| INVOKING Heroism.
  3101 | D:5      | Reached skill level 11 in Ranged Weapons
  3127 | D:5      | 3127 ||| FLEEEEING.
  3132 | D:5      | 3132 ||| FLEEEEING.
  3133 | D:5      | 3133 ||| FLEEEEING.
  3156 | D:5      | 3156 ||| FLEEEEING.
  3157 | D:5      | 3157 ||| FLEEEEING.
  3158 | D:5      | 3158 ||| FLEEEEING.
  3159 | D:5      | 3159 ||| FLEEEEING.
  3162 | D:5      | 3162 ||| STAIRDANCE
  3188 | D:5      | 3188 ||| STAIRDANCE
  3300 | D:5      | 3300 ||| INVOKING Heroism.
  3332 | D:5      | 3332 ||| READING 2 scrolls of identify.
  3332 | D:5      | 3332 ||| IDENTIFYING emerald potion
  3513 | D:5      | Found a sand-covered staircase.
  3591 | Ossuary  | Entered an ossuary
  3628 | Ossuary  | 3628 ||| INVOKING Heroism.
  3643 | Ossuary  | 3643 ||| FLEEEEING.
  3644 | Ossuary  | 3644 ||| FLEEEEING.
  3645 | Ossuary  | 3645 ||| FLEEEEING.
  3646 | Ossuary  | 3646 ||| FLEEEEING.
  3647 | Ossuary  | 3647 ||| INVOKING Heroism.
  3650 | Ossuary  | Reached skill level 12 in Ranged Weapons
  3650 | Ossuary  | Reached XP level 8. HP: 27/44 MP: 7/10
  3839 | Ossuary  | Reached skill level 3 in Fighting
  3849 | Ossuary  | 3849 ||| INVOKING Heroism.
  3862 | Ossuary  | Reached skill level 1 in Invocations
  3863 | Ossuary  | 3863 ||| INVOKING Heroism.
  3931 | Ossuary  | 3931 ||| READING 2 scrolls labelled OVVOSU CYNE.
  3932 | Ossuary  | 3932 ||| READING scroll labelled ATYC WARIN.
  3933 | Ossuary  | 3933 ||| DRINKING 2 lumpy pink potions.
  3934 | Ossuary  | 3934 ||| DRINKING 2 potions of curing.
  3934 | Ossuary  | 3934 ||| (to cure confusion)
  3935 | Ossuary  | 3935 ||| DROPPING potion of ambrosia.
  3936 | Ossuary  | 3936 ||| DROPPING scroll of poison.
  3946 | D:5      | 3946 ||| PLANNING D:1-11
  4256 | D:5      | 4256 ||| SWAPPING to +0 orcbow.
  4257 | D:5      | 4257 ||| DROPPING +2 shortbow.
  4484 | D:5      | 4484 ||| INVOKING Heroism.
  4496 | D:5      | Reached skill level 13 in Ranged Weapons
  4502 | D:5      | 4502 ||| STAIRDANCE
  4505 | D:4      | 4505 ||| INVOKING Heroism.
  4657 | D:6      | Noticed an angel
  4657 | D:6      | Found Zakiutz's Hallowed Reliquary.
  4663 | D:6      | 4663 ||| BUYING 2 potions of heal wounds (120 gold).
  4663 | D:6      | Bought 2 potions of heal wounds for 120 gold pieces
  4663 | D:6      | 4663 ||| SHOPLISTING 2 potions of heal wounds (120 gold,
                  | have 104).
  4663 | D:6      | 4663 ||| SHOPLISTING amulet of faith (480 gold, have 104).
  4663 | D:6      | 4663 ||| BUYING potion of heal wounds (60 gold).
  4663 | D:6      | Bought a potion of heal wounds for 60 gold pieces
  4663 | D:6      | 4663 ||| SHOPLISTING potion of heal wounds (60 gold, have
                  | 44).
  4663 | D:6      | 4663 ||| SHOPLISTING ring of positive energy (240 gold,
                  | have 44).
  4671 | D:6      | 4671 ||| READING scroll of enchant armour.
  4671 | D:6      | 4671 ||| ENCHANTING +0 pair of gloves.
  4682 | D:6      | 4682 ||| READING scroll of enchant armour.
  4682 | D:6      | 4682 ||| ENCHANTING +1 pair of gloves.
  4686 | D:6      | Noticed Edmund
  4687 | D:6      | 4687 ||| INVOKING Heroism.
  4696 | D:6      | Killed Edmund
  4723 | D:6      | 4723 ||| INVOKING Heroism.
  4728 | D:6      | Reached skill level 3 in Invocations
  4757 | D:6      | Found Macs's General Store.
  4757 | D:6      | Noticed Sigmund
  4758 | D:6      | 4758 ||| INVOKING Heroism.
  4762 | D:6      | Killed Sigmund
  4763 | D:6      | Reached XP level 9. HP: 50/50 MP: 10/13
  4787 | D:6      | 4787 ||| SHOPLISTING potion of heal wounds (75 gold, have
                  | 44).
  4787 | D:6      | 4787 ||| BUYING scroll of identify (30 gold).
  4787 | D:6      | Bought a scroll of identify for 30 gold pieces
  4846 | D:6      | 4846 ||| INVOKING Heroism.
  5255 | D:6      | Reached skill level 14 in Ranged Weapons
  5261 | D:6      | Found a staircase to the Ecumenical Temple.
  5262 | D:6      | 5262 ||| INVOKING Heroism.
  5323 | D:6      | 5323 ||| INVOKING Heroism.
  5420 | D:6      | Noticed Blork the orc
  5421 | D:6      | 5421 ||| INVOKING Heroism.
  5427 | D:6      | Killed Blork the orc
  5561 | D:6      | 5561 ||| READING scroll labelled AHASKYPHIBB.
  5562 | D:6      | 5562 ||| READING 2 scrolls of identify.
  5562 | D:6      | 5562 ||| IDENTIFYING amethyst potion
  5563 | D:6      | 5563 ||| DROPPING potion of attraction.
  5624 | D:7      | Reached skill level 15 in Ranged Weapons
  5673 | D:7      | Reached skill level 6 in Dodging
  5681 | D:7      | 5681 ||| FLEEEEING.
  5683 | D:7      | 5683 ||| FLEEEEING.
  5684 | D:7      | 5684 ||| FLEEEEING.
  5685 | D:7      | 5685 ||| FLEEEEING.
  5686 | D:7      | 5686 ||| FLEEEEING.
  5687 | D:7      | 5687 ||| FLEEEEING.
  5688 | D:7      | 5688 ||| FLEEEEING.
  5689 | D:7      | 5689 ||| FLEEEEING.
  5690 | D:7      | 5690 ||| FLEEEEING.
  5691 | D:7      | 5691 ||| FLEEEEING.
  5692 | D:7      | 5692 ||| FLEEEEING.
  5693 | D:7      | 5693 ||| FLEEEEING.
  5694 | D:7      | 5694 ||| FLEEEEING.
  5695 | D:7      | 5695 ||| FLEEEEING.
  5696 | D:7      | 5696 ||| FLEEEEING.
  5697 | D:7      | 5697 ||| FLEEEEING.
  5698 | D:7      | 5698 ||| FLEEEEING.
  5699 | D:7      | 5699 ||| FLEEEEING.
  5700 | D:7      | 5700 ||| FLEEEEING.
  6080 | D:7      | 6080 ||| DROPPING scarf of harm.
  6081 | D:7      | 6081 ||| UPGRADING to amulet of reflection.
  6086 | D:7      | 6086 ||| UPGRADING to +4 ring of protection.
  6087 | D:7      | 6087 ||| READING scroll labelled UTTACE OJOIGG.
  6088 | D:7      | 6088 ||| READING 3 scrolls of identify.
  6088 | D:7      | 6088 ||| IDENTIFYING red potion
  6089 | D:7      | 6089 ||| READING 2 scrolls of identify.
  6089 | D:7      | 6089 ||| IDENTIFYING viscous white potion
  6090 | D:7      | 6090 ||| DROPPING potion of lignification.
  6130 | D:8      | Reached ** piety under Okawaru
  6137 | D:8      | 6137 ||| INVOKING Heroism.
  6144 | D:8      | HP: 9/52 [yak (12)]
  6144 | D:8      | Slain by a yak

Levels and vault maps discovered:
D:1:      saegor_arrival_simple_a, layout_basic
D:2:      layout_rooms, serial_shops, nicolae_shop_industrial_runoff,
          basic_altar, uniq_crazy_yiuf_cottage
D:3:      layout_rooms, mainiacjoe_overflow_catch_the_wave, uniq_ijyb
D:4:      wad_crossroads, layout_layer_cave, grunt_temple_overflow_cloverleaf
D:5:      layout_loops_ring, nicolae_ossuary_entry_false_entrances,
          nicolae_fountain_basement
D:6:      layout_cave_pods, minmay_temple_entry_proselytizer, serial_shops,
          shop, nicolae_good_shop, uniq_sigmund, uniq_blork_the_orc, uniq_edmund
D:7:      layout_rooms
D:8:      layout_cave_pods, erik_lair_orcish_takeover, uniq_pikel

Skill      XL: |  1  2  3  4  5  6  7  8  9 |
---------------+----------------------------+-----
Ranged Weapons | 6 7 8 9 10 12 13 15 | 15.8
Fighting       | 2 3 4 |  4.1
Dodging        | 3 4 6 |  6.1
Armour         | 1 |  1.0
Invocations    | 3 4 |  4.0
Stealth        | |  1.2

Action                     |  1- 3 |  4- 6 |  7- 9 || total
---------------------------+-------+-------+-------++-------
   Fire: Shortbow          |   124 |   147 |   204 ||   475
         Orcbow            |       |       |   196 ||   196
 Invoke: Heroism           |       |       |    16 ||    16
    Use: Scroll            |     8 |     5 |    10 ||    23
         Potion            |       |     3 |     2 ||     5
 Armour: Ring mail         |    23 |    57 |   128 ||   208
         Leather armour    |     2 |       |       ||     2
  Dodge: Dodged            |    30 |    33 |   187 ||   250
  Block: Other             |       |       |     2 ||     2

Table legend:
 A = Non-vault XP
 B = Vault XP
 C = Vault XP percentage of total XP
 D = Non-vault monster count
 E = Vault monster count
 F = Vault count percentage of total count
                 A         B        C        D         E       F
            +---------+---------+-------+---------+---------+-------
      Total |    3611 |    1579 |  30.4 |     119 |      28 |  19.0
            +---------+---------+-------+---------+---------+-------
        D:1 |      31 |       0 |   0.0 |      20 |       0 |   0.0
        D:2 |      14 |       0 |   0.0 |       7 |       0 |   0.0
        D:3 |      28 |      36 |  56.2 |      15 |       1 |   6.2
        D:4 |     415 |     146 |  26.0 |      26 |       6 |  18.8
        D:5 |     767 |      85 |  10.0 |      20 |       2 |   9.1
        D:6 |     780 |     521 |  40.0 |      13 |       4 |  23.5
        D:7 |    1157 |       0 |   0.0 |      16 |       0 |   0.0
        D:8 |     419 |       0 |   0.0 |       2 |       0 |   0.0
    Ossuary |       0 |     791 | 100.0 |       0 |      15 | 100.0
            +---------+---------+-------+---------+---------+-------
